 Dungeon Crawl Stone Soup version 0.31-a0-542-gdc2a67831c (webtiles) character file.

Game seed: 15504632576264659310

522 GordonOverkill the Sneak (level 7, -1/39 HPs)
             Began as a Vine Stalker Delver on Aug 14, 2023.
             Was a Believer of Trog.
             Killed by divine providence
             ... invoked by an orc priest
              (7 damage)
             ... on level 5 of the Dungeon.
             The game lasted 00:07:57 (4632 turns).

GordonOverkill the Sneak (Vine Stalker Delver)      Turns: 4632, Time: 00:07:58

Health: -1/39      AC: 14    Str: 17    XL:     7   Next: 22%
Magic:  0/8        EV:  5    Int: 10    God:    Trog [**....]
Gold:   260        SH:  0    Dex: 15    Spells: 6/6 levels left

rFire   . . .        a - +0 war axe (freeze)
rCold   . . .        (no shield)
rNeg    . . .        n - +1 plate armour
rPois   .            (no helmet)
rElec   +            (no cloak)
rCorr   .            e - +1 pair of gloves "Mapno" {rElec}
SInv    .            (no boots)
Will    .....        (no amulet) Stlth
                     (no ring)
HPRegen 1.06/turn    (no ring)
MPRegen 0.11/turn

%: guardian spirit
@: lethally poisoned (-1 -> -4)
A: fangs 2, regeneration 1, magic shield, antimagic bite, no potion heal 2
a: Renounce Religion, Berserk, Trog's Hand


You were on level 5 of the Dungeon.
You worshipped Trog.
Trog was pleased with you.
You visited 2 branches of the dungeon, and saw 7 of its levels.

You collected 260 gold pieces.

Inventory:

Hand Weapons
 a - a +0 war axe of freezing (weapon)
 m - a +1 short sword of holy wrath
Armour
 e - the +1 pair of gloves "Mapno" (worn) {rElec}
   (You found it on level 5 of the Dungeon)

   rElec:     It insulates you from electricity.
 n - a +1 plate armour (worn)
Wands
 g - a wand of digging (2)
Scrolls
 c - 2 scrolls of fog
 d - a scroll of revelation
 i - 4 scrolls of teleportation
 k - a scroll of blinking
 l - 2 scrolls of enchant armour
 p - a scroll of brand weapon
 r - a scroll of noise {unknown}
Potions
 b - a potion of degeneration {unknown}
 f - a potion of berserk rage {unknown}
 h - a potion of enlightenment {unknown}
 j - a potion of heal wounds
 o - a potion of attraction {unknown}
 q - a potion of brilliance {unknown}


   Skills:
 + Level 5.6 Fighting
 - Level 2.0 Short Blades
 + Level 1.5(2.0) Axes
 - Level 1.7(2.1) Maces & Flails
 - Level 3.0 Armour
 - Level 1.5 Dodging
 - Level 6.0 Stealth


You had 6 spell levels left.
You didn't know any spells.
Your spell library was empty.

Dungeon Overview and Level Annotations

Branches:
Dungeon (6/15)             Temple (1/1) D:4

Altars:
Ashenzari
Elyvilon
Hepliaklqana
Makhleb
Okawaru
Trog
Vehumet
Wu Jian
Yredelemnul
Zin
Lugonu


Innate Abilities, Weirdness & Mutations

You have extremely sharp teeth.
Your natural rate of healing is unusually fast.
When hurt, damage is shared between your health and your magic reserves.
Your bite disrupts and absorbs the magic of your enemies.
Potions cannot restore your health.


Message History

You are more poisoned.
The water moccasin poisons you!
The water moccasin bites you but does no damage.
You hit the water moccasin but do no damage.
The water moccasin is heavily wounded.
You feel very sick.
The water moccasin is no longer moving slowly.
An orc comes into view. It is wielding a +0 hand axe.
The water moccasin bites you.
* * * LOW HITPOINT WARNING * * *
You closely miss the water moccasin.
The orc shouts!
Your bite misses the water moccasin.
The water moccasin is heavily wounded.
You feel very sick. The water moccasin bites you.
* * * LOW HITPOINT WARNING * * *
You are more poisoned.
The water moccasin poisons you!
The water moccasin bites you but does no damage.
An orc wizard comes into view. It is wielding a +0 dagger.
You barely miss the water moccasin.
The water moccasin is heavily wounded.
* * * LOW HITPOINT WARNING * * *
You feel extremely sick.
The orc wizard shouts!
The water moccasin completely misses you.
The water moccasin bites you but does no damage.
You barely miss the water moccasin.
You bite the water moccasin, but do no damage.
The water moccasin is heavily wounded.
* * * LOW HITPOINT WARNING * * *
You feel very sick.
The water moccasin bites you but does no damage. x2
It was a potion of heal wounds.
That seemed strangely inert.
* * * LOW HITPOINT WARNING * * *
You feel very sick.
The orc priest mumbles some strange prayers to Beogh against you.
Beogh smites you!
You die...

##~~###.###..##
#P..#.....#.~~#
######
#~P~#.....#~.~#
#.....
#.~~#.....#.~~#
......
#..~#.....#.P~#
......
#.P.#.....#...#
......
##.~###.###..##
......
#.P.~#.#~~..#
.....#
##~~~#@#~..##
......
###.#S#.###
...... ###5###
....##
....S.hhJ.....#
....
......oho......
..#
###.o..o.......
..
#............
#..>.........
#............


You could see a water moccasin, a jelly, an orc priest, a white imp, 2 orcs and
3 jackals.

Vanquished Creatures
  A phantom (D:5)
  A scorpion (D:4)
  A centaur zombie (D:4)
  A bullfrog zombie (D:4)
  2 orc priests (D:4)
  2 hounds (D:4)
  An orc wizard (D:4)
  3 gnolls (D:2)
  7 adders
  An ufetubus (D:5)
  2 adder zombies (D:4)
  A worm (D:2)
  3 dart slugs
  7 orcs
  5 ball pythons
  4 endoplasms
  5 giant cockroaches
  5 goblins
  3 hobgoblins
  2 quokkas
  6 bats
  8 frilled lizards (D:1)
  5 kobolds
  8 rats
84 creatures vanquished.

Notes
Turn   | Place    | Note
-------+----------+-------------------------------------------
     0 | D:5      | GordonOverkill the Vine Stalker Delver began the quest for
                  | the Orb.
     0 | D:5      | Reached XP level 1. HP: 11/11 MP: 2/2
    17 | D:5      | Identified the +1 pair of gloves "Mapno" {rElec}
    50 | D:6      | Noticed a scorpion
    51 | D:6      | Noticed a phantom
   241 | D:4      | Found a staircase to the Ecumenical Temple.
   249 | D:4      | Reached XP level 2. HP: 16/16 MP: 3/3
   251 | Temple   | Entered the Ecumenical Temple
   265 | Temple   | Became a worshipper of Trog the Wrathful
   308 | D:4      | Reached skill level 1 in Short Blades
   308 | D:4      | Reached XP level 3. HP: 19/20 MP: 4/4
   427 | D:4      | Found a broken altar of Ashenzari.
   472 | D:4      | Found a burning altar of Makhleb.
   475 | D:4      | Noticed a scorpion
   626 | D:2      | Gained mutation: Your natural rate of healing is unusually
                  | fast. [Vine Stalker growth]
   626 | D:2      | Reached XP level 4. HP: 17/25 MP: 3/5
  1642 | D:1      | Reached * piety under Trog
  2095 | D:1      | Reached skill level 1 in Armour
  2095 | D:1      | Reached XP level 5. HP: 22/29 MP: 6/6
  2810 | D:4      | Reached XP level 6. HP: 4/35 MP: 2/7
  3030 | D:4      | Reached skill level 5 in Fighting
  3232 | D:3      | Reached ** piety under Trog
  4063 | D:4      | Found a basalt altar of Yredelemnul.
  4236 | D:4      | Reached XP level 7. HP: 39/39 MP: 8/8
  4552 | D:5      | Reached skill level 1 in Axes
  4598 | D:5      | Identified the +4 ring mail "Lenkiel" {rC+}
  4632 | D:5      | Killed from afar by an orc priest

Illustrated notes

Levels and vault maps discovered:
D:1:      dpeg_arrival_circle_labyrinth_b, layout_basic,
          minmay_misc_feat_diagonals, minmay_lizard_pond
D:2:      layout_basic, hangedman_glass_teeth, kennysheep_potato
D:3:      layout_basic, chequers_serial_rivers_micro_e, item_on_display_a
D:4:      layout_basic, mainiacjoe_overflow_cross_hatched,
          nicolae_ashenzari_panopticon, nicolae_yredelemnul_corpse_copse,
          minmay_temple_entry_junction, dk_noncrumbling_3, kennysheep_boxes
D:5:      layout_rooms, serial_aquarium, aquarium_bridge_island_small
          [aquarium_subvault_small_open, aquarium_subvault_window,
          aquarium_subvault_bridge, aquarium_subvault_wall,
          aquarium_subvault_bridge], aquarium_window_1, aquarium_window_1,
          aquarium_window_corner, aquarium_view_2d, aquarium_view_2c,
          aquarium_pool_1
D:6:      layout_loops_ring, marbit_many_paths, lemuel_tele_altar,
          minmay_crossroads
Temple:   corrupted_temple

Skill      XL: |  1  2  3  4  5  6  7 |
---------------+----------------------+-----
Fighting       | 3 4 5 |  5.6
Short Blades   | 1 2 |  2.0
Armour         | 1 2 3 |  3.0
Axes           | 1 |  1.5
Maces & Flails | |  1.7
Dodging        | |  1.5
Stealth        | |  6.0

Action                     |  1- 3 |  4- 6 |  7- 9 || total
---------------------------+-------+-------+-------++-------
  Melee: Dagger            |    38 |    15 |       ||    53
         Mace              |     4 |       |       ||     4
         Bite              |    18 |    57 |     9 ||    84
         Short sword       |       |   220 |       ||   220
         Punch             |       |     4 |     1 ||     5
         War axe           |       |    18 |    27 ||    45
  Evoke: Wand              |       |     1 |       ||     1
    Use: Scroll            |     1 |     6 |       ||     7
         Potion            |     1 |       |     1 ||     2
   Stab: Sleeping          |       |     8 |       ||     8
 Armour: Leather armour    |    14 |     3 |       ||    17
         Plate armour      |       |   168 |    36 ||   204
         Scale mail        |       |    17 |       ||    17
  Dodge: Dodged            |    34 |    82 |     5 ||   121

Table legend: (Time is in decaauts)
 A = Elapsed time spent in this place.
 B = Non-inter-level travel time spent in this place.
 C = Inter-level travel time spent in this place.
 D = Time resting spent in this place.
 E = Time spent auto-exploring this place.
 F = Levels seen in this place.
 G = Mean time per level.
                   A        B        C        D        E       F      G
               +--------+--------+--------+--------+--------+-----+--------+
         Total |   4643 |   4374 |    269 |    661 |   2675 |   7 |  663.3 |
       Dungeon |   4599 |   4355 |    244 |    649 |   2675 |   6 |  766.5 |
        Temple |     44 |     19 |     25 |     12 |      0 |   1 |   44.0 |
               +--------+--------+--------+--------+--------+-----+--------+

Top non-repeatable levels by time:
     D:4: 1344 daAuts
     D:1: 1208 daAuts
     D:2: 923 daAuts
     D:3: 723 daAuts
     D:5: 383 daAuts
  Temple: 44 daAuts
     D:6: 16 daAuts
